 Dungeon Crawl Stone Soup version 0.28-a0-732-g75e6d9beac (webtiles) character file.

Game seed: 14346642824928257757

14505 Lemonice the Slinger (level 12, -21/80 HPs)
             Began as an Octopode Earth Elementalist on Oct 29, 2021.
             Was an Elder of Makhleb.
             Demolished by a minotaur (34 damage)
             ... in a Gauntlet.
             The game lasted 00:53:31 (18143 turns).

Lemonice the Slinger (Octopode Earth Elementalist) Turns: 18143, Time: 00:53:32

Health: -21/80     AC: 17    Str: 10    XL:     12   Next: 17%
Magic:  20/20      EV: 16    Int: 26    God:    Makhleb [****..]
Gold:   564        SH:  3    Dex: 14    Spells: 15/21 levels left

rFire   . . .      SeeInvis +   A - +10 fustibalus of Dim Light {freeze, SInv}
rCold   . . .      Faith    .   J - +0 buckler
rNeg    . . .      Spirit   .   (helmet restricted)
rPois   .          Reflect  .   (no amulet)
rElec   .          Harm     .   d - +4 ring of protection
rCorr   .          Rampage  .   m - +4 ring of protection
Will    .....      NoTele   +   l - ring of see invisible
Stlth   +++++.....              E - +4 ring of protection
HPRegen 0.23/turn               F - +6 ring of intelligence
MPRegen 0.17/turn               M - +4 ring of protection
                                (no ring)
                                (no ring)

@: no status effects
A: almost no armour, amphibious, 8 rings, camouflage 1, gelatinous body 1,
(nimble swimmer 1), tentacles, agile 1, no potion heal 1
a: Renounce Religion, Minor Destruction, Lesser Servant of Makhleb, Major
Destruction


You were in a Gauntlet.
You worshipped Makhleb.
Makhleb was greatly pleased with you.
You visited 2 branches of the dungeon, and saw 13 of its levels.
You also visited: Ossuary and Gauntlet.

You collected 996 gold pieces.
You spent 432 gold pieces at shops.

Inventory:

Hand Weapons
 e - a +0 vorpal dagger
 n - a +2 vorpal falchion
 A - the +10 fustibalus of Dim Light (weapon) {freeze, SInv}
   (You found it on level 8 of the Dungeon)

   Any ammunition fired from it freezes those it strikes, dealing additional
   cold damage.
   It can also slow down cold-blooded creatures.
   SInv:      It lets you see invisible.
 N - a +0 flail of holy wrath
Missiles
 b - 551 stones (quivered ammo)
 v - a throwing net
Armour
 J - a +0 buckler (worn)
Jewellery
 d - a +4 ring of protection (left tentacle)
 l - a ring of see invisible (on tentacle)
 m - a +4 ring of protection (right tentacle)
 E - a +4 ring of protection (on tentacle)
 F - a +6 ring of intelligence (on tentacle)
 M - a +4 ring of protection (on tentacle)
Wands
 j - a wand of polymorph (1)
 G - a wand of digging (6)
 H - a wand of flame (23)
 K - a wand of acid (9)
Scrolls
 f - 2 scrolls of torment
 i - 4 scrolls of fog
 k - 5 scrolls of teleportation
 o - 3 scrolls of magic mapping
 p - 4 scrolls of amnesia
 u - 2 scrolls of vulnerability
 x - a scroll of immolation
 y - 2 scrolls of silence
 C - 2 scrolls of enchant weapon
Potions
 a - 2 potions of curing
 c - 4 potions of attraction
 g - 4 potions of haste
 h - a potion of cancellation {unknown}
 q - 3 potions of brilliance
 r - 4 potions of mutation
 s - a potion of flight
 t - 2 potions of might {unknown}
 z - a potion of lignification {unknown}
 D - a potion of ambrosia {unknown}


   Skills:
 + Level 6.5 Fighting
 + Level 6.6 Short Blades
 + Level 10.2 Slings
 + Level 8.2 Dodging
 + Level 9.4 Stealth
 + Level 1.3 Unarmed Combat
 + Level 5.3 Spellcasting
 + Level 4.0 Conjurations
 + Level 1.2 Transmutations
 + Level 6.3 Earth Magic


You had 15 spell levels left.
You knew the following spells:

 Your Spells              Type           Power      Damage    Failure   Level
a - Sandblast             Erth           80%        2d17      1%          1
b - Stone Arrow           Conj/Erth      66%        3d11      4%          3
c - Passwall              Tmut/Erth      21%        N/A       4%          2

Your spell library contained the following spells:

 Spells                   Type           Power      Damage    Failure   Level
 Magic Dart               Conj           100%       1d8       2%          1
 Summon Small Mammal      Summ           24%        N/A       12%         1
 Call Imp                 Summ           6%         N/A       19%         2
 Mephitic Cloud           Conj/Pois/Air  13%        N/A       22%         3
 Petrify                  Tmut/Erth      26%        N/A       26%         4
 Call Canine Familiar     Summ           6%         N/A       36%         3
 Summon Guardian Golem    Hex/Summ       6%         N/A       36%         3
 Lehudib's Crystal Spear  Conj/Erth      16%        10d5      100%        8
 Animate Armour           Summ/Erth      Unusable   N/A       N/A         4

Dungeon Overview and Level Annotations

Branches:
Dungeon (12/15)            Temple (0/1) D:5            Lair (1/6) D:11
Ossuary (visited)         Gauntlet (1/1)
    Orc: D:9-12

Altars:
Ashenzari
Cheibriados
Dithmenos
Elyvilon
Fedhas
Hepliaklqana
Makhleb
Okawaru
Qazlal
Ru
Vehumet
Yredelemnul
The Shining One

Shops:
D:6 *   D:8 =

Annotations:
D:4 Crazy Yiuf Gauntlet 11 runed translucent doors, 9 transporters


Innate Abilities, Weirdness & Mutations

You cannot wear most types of armour.
You are amphibious.
You can wear up to eight rings at the same time.
Your skin changes colour to match your surroundings (Stealth+).
Your rubbery body absorbs attacks. (AC +1, EV +1)
((You are camouflaged near water. (Stealth+)))
You have tentacles for arms and can constrict up to eight enemies at once.
You are agile. (Dex +2)
Potions are less effective at restoring your health.


Message History

The sling bullet freezes the minotaur.
The minotaur is heavily wounded.
The minotaur completely misses you. The minotaur gores you.
The minotaur closely misses you. The minotaur gores you.
Blink to where?
Press: ? - help, Dir - move target, p - minotaur
As you read the scroll of blinking, it crumbles to dust.
The minotaur throws a silver javelin.
The silver javelin pierces through you!!
* * * LOW HITPOINT WARNING * * *
The silver sears you!
* * * LOW HITPOINT WARNING * * *
Your system partially rejects the healing.
You feel much better.
Fire: sling bullet
Press: ? - help, Q - select action, (/) - cycle Shift-Dir - straight line, f - minotaur
Aim: a minotaur, wielding a +2 vorpal battleaxe, wearing a +0 plate armour and quivering silver javelins (heavily wounded, fast, 82% to hit)
You shoot a sling bullet. The sling bullet hits the minotaur!
The sling bullet freezes the minotaur.
The minotaur is severely wounded.
Fire: 552 stones
Press: ? - help, Q - select action, (/) - cycle Shift-Dir - straight line, f/p - minotaur
Aim: a minotaur, wielding a +2 vorpal battleaxe, wearing a +0 plate armour and quivering silver javelins (severely wounded, fast, 82% to hit)
You shoot a stone.
The stone hits the minotaur but does no damage.
The minotaur is severely wounded.
Press: ? - help, v - describe, . - travel
Here: a minotaur, wielding a +2 vorpal battleaxe, wearing a +0 plate armour and quivering silver javelins (severely wounded, fast)
The floor.
Okay, then.
As you read the scroll of fear, it crumbles to dust.
You assume a fearsome visage.
The minotaur easily resists.
The minotaur hits you with a +2 vorpal battleaxe.
* * * LOW HITPOINT WARNING * * *
x2 The minotaur barely misses you.
Your system partially rejects the healing.
You feel much better. You block the minotaur's attack. The minotaur gores you!
* * * LOW HITPOINT WARNING * * *
The minotaur hits you with a +2 vorpal battleaxe!!
You die...

...............§#
#8#
.8.8.8.8.8.8§8.8#
...............§#
##.###.###.#####
###.###.###.###
#.............#
#.###.###.###.#
#.###.###.###.#
#........(.H@.#
#######(#######
... (### .. ∩≈
≈≈≈ ###


You could see a minotaur (fast).

Vanquished Creatures
  A two-headed ogre (D:11)
  A fire crab (Gauntlet)
  Pikel (D:4)
  A deep elf pyromancer (D:11)
  A shining eye (Gauntlet)
  2 cyclopes
  A gargoyle (D:10)
  An unseen horror (D:11)
  2 trolls
  A raiju (Gauntlet)
  A water elemental (D:12)
  A shadow (D:12)
  A wyvern (D:9)
  16 yaks
  A golden eye (Gauntlet)
  Grum (D:8)
  3 vampire mosquitoes (D:11)
  3 steam dragons
  Edmund (D:5)
  An acid dragon (D:9)
  Menkaure (D:5)
  4 water moccasins
  A floating eye (Gauntlet)
  A hell hound (Gauntlet)
  2 black bears (D:6)
  10 orc warriors
  A hornet zombie (D:9)
  3 ogres
  3 centaurs
  2 wolves (D:8)
  Blork the orc (D:5)
  3 kobold brigands
  3 bullfrogs
  A scorpion (D:5)
  3 wyvern zombies
  2 gnoll sergeants
  2 water moccasin zombies (Ossuary)
  A water moccasin skeleton (D:5)
  3 killer bees (D:8)
  7 wights
  A howler monkey (D:4)
  2 electric eels (D:12)
  A vampire bat (D:5)
  3 centaur zombies (Ossuary)
  3 bullfrog zombies (Ossuary)
  2 hounds
  2 jellies
  A bullfrog skeleton (D:4)
  3 orc priests (D:10)
  2 gnoll shamans
  4 iguanas
  Ijyb (D:3)
  5 orc wizards
  2 killer bee zombies
  13 mummies (Ossuary)
  A howler monkey skeleton (D:5)
  2 howler monkey zombies (Ossuary)
  3 adders
  23 gnolls
  A white imp (D:7)
  2 ufetubi
  2 adder skeletons (D:4)
  6 worms
  7 fire bats
  24 orcs
  2 spectral bats (D:5)
  3 ball pythons
  3 bat skeletons (D:5)
  A bat zombie (D:5)
  4 endoplasms
  5 giant cockroaches
  4 goblins
  4 hobgoblins
  6 jackals
  10 kobolds
  A quokka (D:3)
  16 bats
  A bat simulacrum (D:5)
  3 frilled lizards
  6 rats
280 creatures vanquished.

Vanquished Creatures (others)
  15 demonic plants (Gauntlet)
  2 plants (D:4)
  8 withered plants (Ossuary)
25 creatures vanquished.

Grand Total: 305 creatures vanquished

Notes
Turn   | Place    | Note
-------+----------+-------------------------------------------
     0 | D:1      | Lemonice the Octopode Earth Elementalist began the quest
                  | for the Orb.
     0 | D:1      | Reached XP level 1. HP: 11/11 MP: 3/3
    26 | D:1      | Found a faded altar of an unknown god.
   695 | D:1      | Reached XP level 2. HP: 17/17 MP: 5/5
  1538 | D:2      | Reached skill level 1 in Unarmed Combat
  1538 | D:2      | Reached XP level 3. HP: 12/21 MP: 6/6
  2516 | D:2      | Reached XP level 4. HP: 27/27 MP: 7/7
  2927 | D:2      | Reached skill level 1 in Short Blades
  3089 | D:3      | Found a broken altar of Ashenzari.
  3323 | D:3      | Found an iron altar of Okawaru.
  3454 | D:3      | Noticed Ijyb
  3544 | D:3      | Killed Ijyb
  3591 | D:3      | Found a burning altar of Makhleb.
  3610 | D:3      | :
  3610 | D:3      | Became a worshipper of Makhleb the Destroyer
  3961 | D:4      | Reached XP level 5. HP: 27/31 MP: 8/8
  4251 | D:4      | Found a blossoming altar of Fedhas.
  4274 | D:4      | Noticed an orc warrior
  4331 | D:3      | Learned a level 3 spell: Stone Arrow
  4393 | D:4      | Reached skill level 5 in Stealth
  4419 | D:4      | Reached XP level 6. HP: 34/37 MP: 9/9
  4436 | D:4      | Found a stormy altar of Qazlal.
  4764 | D:4      | Found a runed translucent door.
  4765 | D:4      | Noticed Crazy Yiuf
  4837 | D:4      | Identified the +5 ring mail of Silly Happiness {Dex+3}
  5300 | D:4      | Killed an orc warrior
  5301 | D:4      | Reached skill level 1 in Fighting
  5556 | D:5      | Entered Level 5 of the Dungeon
  5556 | D:5      | Noticed Pikel
  5556 | D:5      | Noticed Edmund
  5572 | D:4      | Killed Pikel
  5573 | D:4      | Reached XP level 7. HP: 10/43 MP: 1/11
  5573 | D:4      | Reached XP level 8. HP: 11/48 MP: 1/12
  5901 | D:5      | Reached * piety under Makhleb
  6128 | D:5      | Noticed Blork the orc
  6134 | D:5      | Killed Blork the orc
  6135 | D:5      | Reached skill level 5 in Dodging
  6139 | D:5      | Reached skill level 1 in Conjurations
  6219 | D:5      | Found a white marble altar of Elyvilon.
  6260 | D:5      | Found a staircase to the Ecumenical Temple.
  6460 | D:5      | Killed Edmund
  6550 | D:5      | Noticed Menkaure
  6562 | D:5      | Killed Menkaure
  6563 | D:5      | Reached skill level 5 in Earth Magic
  6644 | D:5      | Found a sacrificial altar of Ru.
  7236 | D:6      | Reached XP level 9. HP: 55/55 MP: 1/14
  7368 | D:6      | Reached ** piety under Makhleb
  8042 | D:6      | Found Qysanuwuw's General Store.
  8391 | D:7      | Reached skill level 5 in Short Blades
  8713 | D:7      | Found a sand-covered staircase.
  8718 | Ossuary  | Entered an ossuary
  9256 | Ossuary  | Reached XP level 10. HP: 32/63 MP: 7/16
  9468 | Ossuary  | Reached *** piety under Makhleb
 10558 | D:7      | Found a snail-covered altar of Cheibriados.
 10691 | D:8      | Found Feunlixt's Jewellery Shoppe.
 10718 | D:8      | Found a shadowy altar of Dithmenos.
 10748 | D:8      | Found a hazy altar of Hepliaklqana.
 11270 | D:8      | Noticed Grum
 11277 | D:8      | Killed Grum
 11278 | D:8      | Reached skill level 5 in Spellcasting
 11295 | D:8      | Identified the +10 fustibalus of Dim Light {freeze, SInv}
 11904 | D:8      | Reached skill level 1 in Slings
 12195 | D:8      | Noticed a cyclops
 12205 | D:8      | Killed a cyclops
 12206 | D:8      | Reached skill level 2 in Slings
 12246 | D:8      | Reached skill level 3 in Slings
 12972 | D:9      | Reached skill level 4 in Slings
 13144 | D:9      | Reached XP level 11. HP: 70/70 MP: 19/19
 13150 | D:9      | Reached skill level 5 in Slings
 13325 | D:8      | Bought a +4 ring of protection for 432 gold pieces
 13429 | D:8      | Reached skill level 6 in Slings
 13730 | D:9      | Noticed a centaur warrior
 14001 | D:9      | Noticed a two-headed ogre
 14402 | D:9      | Learned a level 2 spell: Passwall
 14457 | D:10     | Entered Level 10 of the Dungeon
 14475 | D:10     | Reached **** piety under Makhleb
 14476 | D:10     | Reached skill level 5 in Fighting
 14582 | D:10     | Reached skill level 7 in Slings
 14972 | D:10     | Found a basalt altar of Yredelemnul.
 14974 | D:10     | Found a radiant altar of Vehumet.
 14975 | D:10     | Found a glowing golden altar of the Shining One.
 15197 | D:10     | Reached skill level 8 in Slings
 15560 | D:11     | Noticed a deep elf pyromancer
 15590 | D:11     | Killed a deep elf pyromancer
 15965 | D:11     | Noticed a two-headed ogre
 15985 | D:11     | Killed a two-headed ogre
 15986 | D:11     | Reached skill level 9 in Slings
 16042 | D:11     | Found a staircase to the Lair.
 16178 | D:11     | Noticed a cyclops
 16184 | D:11     | Killed a cyclops
 16598 | D:12     | Noticed a manticore
 16856 | D:12     | Noticed a cyclops
 16911 | D:12     | Noticed a seven-headed hydra
 17120 | Lair:1   | Entered Level 1 of the Lair of Beasts
 17199 | Lair:1   | Found a gate leading to a gauntlet.
 17208 | Gauntlet | Entered a Gauntlet
 17208 | Gauntlet | Found a large runed translucent door.
 17208 | Gauntlet | Found a large runed translucent door.
 17208 | Gauntlet | Found a large runed translucent door.
 17208 | Gauntlet | Found a large runed translucent door.
 17208 | Gauntlet | Found a large runed translucent door.
 17208 | Gauntlet | Found a large runed translucent door.
 17208 | Gauntlet | Found a runed translucent door.
 17208 | Gauntlet | Found a transporter.
 17208 | Gauntlet | Found a transporter.
 17208 | Gauntlet | Found a runed translucent door.
 17208 | Gauntlet | Found a large runed translucent door.
 17208 | Gauntlet | Found a large runed translucent door.
 17208 | Gauntlet | Found a large runed translucent door.
 17208 | Gauntlet | Found a large runed translucent door.
 17208 | Gauntlet | Found a large runed translucent door.
 17208 | Gauntlet | Found a large runed translucent door.
 17212 | Gauntlet | Found a transporter.
 17216 | Gauntlet | Found a transporter.
 17217 | Gauntlet | Found a large runed translucent door.
 17217 | Gauntlet | Found a large runed translucent door.
 17217 | Gauntlet | Found a large runed translucent door.
 17219 | Gauntlet | Found a runed translucent gate.
 17219 | Gauntlet | Found a runed translucent gate.
 17219 | Gauntlet | Found a runed translucent gate.
 17221 | Gauntlet | Found a transporter.
 17225 | Gauntlet | Noticed a large abomination
 17239 | Gauntlet | Found a transporter.
 17284 | Gauntlet | Found a transporter.
 17300 | Gauntlet | Found a transporter.
 17302 | Gauntlet | Noticed a fire crab
 17311 | Gauntlet | Found a transporter.
 17333 | Gauntlet | Found a transporter.
 17401 | Gauntlet | Found a large runed translucent door.
 17419 | Gauntlet | Found a transporter.
 17430 | Gauntlet | Noticed a large abomination
 17436 | Gauntlet | Found a transporter.
 17448 | Gauntlet | Found a transporter.
 17571 | Gauntlet | Noticed a shining eye
 17580 | Gauntlet | Found a transporter.
 17583 | Gauntlet | Gained mutation: You are agile. (Dex +2) [a shining eye]
 17592 | Gauntlet | Gained mutation: Potions are less effective at restoring
                  | your health. [a shining eye]
 17599 | Gauntlet | Killed a shining eye
 17600 | Gauntlet | Reached XP level 12. HP: 79/79 MP: 20/20
 17946 | Gauntlet | Found a transporter.
 17951 | Gauntlet | Reached skill level 10 in Slings
 18131 | Gauntlet | Noticed a minotaur
 18143 | Gauntlet | Demolished by a minotaur

Illustrated notes

###.## .#... # .#..
## .#####... .. #
.......#.# #.##......
#.......## #..@..#
####### ##....#
#.<...# #)####...#
#.....#
#...<....###.....#
#.####.....#.....## #
#...#....[...# ##
#.....#..##.#.... ..
#.#..##>.##.#..####.
..........##.........


Turn 3610 on D:3: :

Levels and vault maps discovered:
D:1:      ncdulo_halloftheorcs, layout_basic, shapermc_ecumenical_altar_venn,
          minmay_misc_feat_columns
D:2:      layout_loops_corners, minmay_misc_feat_roman, nrook_uturn
D:3:      layout_loops_cross, bloody_makhleb,
          mainiacjoe_overflow_concentric_impassable,
          nicolae_overflow_crystal_walls, uniq_ijyb
D:4:      layout_rooms, fedhas_altar_1, nicolae_qazlal_eye_of_the_storm,
          minmay_bisected, uniq_crazy_yiuf_cottage
D:5:      layout_gridville, nicolae_ru_path_of_blood, old_standard_altar,
          minmay_temple_entry_mini_moons, goddamned_bats, uniq_pikel,
          uniq_blork_the_orc, uniq_edmund, uniq_menkaure
D:6:      layout_basic, serial_shops, shop
D:7:      layout_cave_pools, cheibrodos_worm_habitat, enter_ossuary_2
D:8:      layout_basic, riverfiend_overflow_shadow_ancestor, serial_shops,
          nicolae_shop_trees, st_stairs_3, serial_bayou_pond_e, uniq_grum
D:9:      layout_cave_pools, minmay_misc_feat_room, minmay_statues_item,
          onia_ninara_dug_in_and_dangerous
D:10:     minmay_goldmine, layout_cave_pools, gammafunk_temple_overflow_claw
D:11:     layout_loops_corners, lair_entry_dummy
D:12:     layout_rooms, erik_orc_2
Lair:1:   layout_chaotic_city, gauntlet_entry_generic, evilmike_ambush
          [evilmike_ambush_outer_basic, evilmike_ambush_inner_basic]
Gauntlet: gammafunk_gauntlet_branching [gammafunk_gauntlet_arena_open,
          minmay_gauntlet_arena_make_your_own_arena,
          gammafunk_gauntlet_arena_teeth, gammafunk_gauntlet_arena_chambers,
          gammafunk_gauntlet_arena_mazey, gammafunk_gauntlet_arena_grid,
          gammafunk_gauntlet_arena_arrow_garden, nicolae_gauntlet_arena_blocks,
          gauntlet_exit_watery]

Skill      XL: |  1  2  3  4  5  6  7  8  9 10 11 12 |
---------------+-------------------------------------+-----
Stealth        | 3 4 5 6 7 8 9 |  9.4
Unarmed Combat | 1 |  1.3
Short Blades   | 1 2 3 4 5 6 |  6.6
Dodging        | 3 4 5 7 8 |  8.2
Fighting       | 1 2 3 4 6 |  6.5
Spellcasting   | 3 4 5 |  5.3
Earth Magic    | 4 5 6 |  6.3
Conjurations   | 1 2 4 |  4.0
Slings         | 4 9 10 | 10.2
Transmutations | |  1.2

Action                   |  1- 3 |  4- 6 |  7- 9 | 10-12 || total
-------------------------+-------+-------+-------+-------++-------
Melee: Unarmed           |    40 |     2 |       |       ||    42
       Constrict         |    23 |    30 |    48 |    10 ||   111
       Tentacles         |    16 |    41 |    82 |    17 ||   156
       Dagger            |    69 |   168 |   342 |    86 ||   665
       Punch             |       |       |     4 |       ||     4
       Fustibalus        |       |       |       |    26 ||    26
       Falchion          |       |       |       |    16 ||    16
 Fire: Fustibalus        |       |       |       |   359 ||   359
 Cast: Sandblast         |     1 |    12 |     4 |       ||    17
       Stone Arrow       |       |     4 |    45 |    35 ||    84
       Passwall          |       |       |       |     2 ||     2
  Use: Scroll            |       |       |    17 |     7 ||    24
       Potion            |       |       |     1 |     3 ||     4
 Stab: Sleeping          |     9 |     8 |     9 |     2 ||    28
Armor: Skin              |    26 |    54 |   116 |    64 ||   260
Dodge: Dodged            |    61 |   102 |   298 |   189 ||   650
Block: Buckler           |       |       |       |     9 ||     9

Table legend: (Time is in decaauts)
 A = Elapsed time spent in this place.
 B = Non-inter-level travel time spent in this place.
 C = Inter-level travel time spent in this place.
 D = Time resting spent in this place.
 E = Time spent auto-exploring this place.
 F = Levels seen in this place.
 G = Mean time per level.
                   A        B        C        D        E       F      G
               +--------+--------+--------+--------+--------+-----+--------+
         Total |  18089 |  17072 |   1017 |      0 |  12080 |  15 | 1205.9 |
       Dungeon |  16259 |  15242 |   1017 |      0 |  11457 |  12 | 1354.9 |
          Lair |     87 |     87 |      0 |      0 |      0 |   1 |   87.0 |
       Ossuary |    793 |    793 |      0 |      0 |    514 |   1 |  793.0 |
      Gauntlet |    949 |    949 |      0 |      0 |    109 |   1 |  949.0 |
               +--------+--------+--------+--------+--------+-----+--------+

Top non-repeatable levels by time:
     D:8: 2117 daAuts
     D:6: 1782 daAuts
     D:1: 1714 daAuts
     D:4: 1634 daAuts
     D:7: 1626 daAuts
    D:11: 1389 daAuts
     D:2: 1373 daAuts
     D:5: 1278 daAuts
     D:3: 1154 daAuts
     D:9: 1057 daAuts
Gauntlet: 949 daAuts
    D:10: 927 daAuts
 Ossuary: 793 daAuts
    D:12: 201 daAuts
  Lair:1: 87 daAuts
